 Dungeon Crawl Stone Soup version 0.27-a0-1139-g28e009f8a6 (webtiles) character file.

Game seed: 12265723251623006258

231656 night the Earth Mage (level 19, -1/131 HPs)
             Began as an Octopode Venom Mage on May 7, 2021.
             Was an Initiate of Gozag.
             Engulfed by a frost giant's freezing vapour (16 damage)
             ... on level 3 of the Shoals.
             The game lasted 02:16:18 (37989 turns).

night the Earth Mage (Octopode Venom Mage)         Turns: 37989, Time: 02:16:19

Health: -1/131     AC: 19    Str: 12    XL:     19   Next: 51%
Magic:  15/36      EV: 27    Int: 37    God:    Gozag
Gold:   4522       SH:  5    Dex: 12    Spells: 11/44 levels left

rFire    + + .     SeeInvis +   a - +9 demon blade (vorpal)
rCold    x . .     Faith    .   s - +0 buckler
rNeg     + + +     Spirit   .   L - +2 hat
rPois    +         Reflect  .   j - amulet of regeneration
rElec    .         Harm     .   i - +4 ring of protection
rCorr    .         Rampage  .   O - +4 ring of evasion
Will     +....                  q - +4 ring of protection
Stlth    +++++.....             l - +4 ring of evasion
HPRegen  1.31/turn              Y - ring of the Tortoise {AC+8}
MPRegen  0.25/turn              B - ring "Zesapn" {rPois rF- rN++ Int+6 Slay+6}
                                J - ring "Rounohye" {rF+++ rC- rN+ Str+4 Int+6}
                                I - ring of see invisible

@: gold aura
A: almost no armour, amphibious, 8 rings, camouflage 1, gelatinous body 1,
nimble swimmer 1, tentacles
}: 1/15 runes: gossamer
a: Renounce Religion, Potion Petition, Call Merchant, Bribe Branch


You were on level 3 of the Shoals.
You worshipped Gozag.
Gozag was most pleased with you.
You visited 6 branches of the dungeon, and saw 31 of its levels.
You also visited: Sewer and Bailey.

You collected 14352 gold pieces.
You spent 6848 gold pieces at shops.
You paid 2982 gold pieces to Gozag.

Inventory:

Hand Weapons
 a - a +9 vorpal demon blade (weapon)
 b - the +8 arc blade {discharge, rElec}
   (You bought it in a shop on level 2 of the Orcish Mines)

   It insulates you from electricity.
 t - a +0 hunting sling of venom
 T - a +3 scimitar of freezing
 X - a +1 scimitar of flaming
Missiles
 e - 4 curare-tipped darts
 g - 141 sling bullets
 z - 928 stones
 E - 72 boomerangs
 F - 115 poisoned darts
Armour
 s - a +0 buckler (worn)
 L - a +2 hat (worn)
Magical Staves
 W - a staff of earth
Jewellery
 c - a +4 ring of protection
 i - a +4 ring of protection (left tentacle)
 j - an amulet of regeneration (around mantle)
 l - a +4 ring of evasion (on tentacle)
 q - a +4 ring of protection (on tentacle)
 r - a ring of resist corrosion
 A - an amulet of the acrobat
 B - the ring "Zesapn" (on tentacle) {rPois rF- rN++ Int+6 Slay+6}
   (You bought it in a shop on level 8 of the Dungeon)

   [ring of intelligence]

   It affects your intelligence (+6).
   It affects your accuracy and damage with ranged weapons and melee attacks
   (+6).
   It makes you vulnerable to fire.
   It protects you from poison.
   It greatly protects you from negative energy.
 C - a ring of flight
 I - a ring of see invisible (on tentacle)
 J - the ring "Rounohye" (on tentacle) {rF+++ rC- rN+ Str+4 Int+6}
   (You acquired it on level 2 of the Orcish Mines)

   [ring of intelligence]

   It affects your strength (+4).
   It affects your intelligence (+6).
   It renders you almost immune to fire.
   It makes you vulnerable to cold.
   It protects you from negative energy.
 O - a +4 ring of evasion (right tentacle)
 P - a ring of protection from fire
 S - a ring of magical power
 U - a ring of ice
 Y - the ring of the Tortoise (on tentacle) {AC+8}
   (You bought it in a shop on level 8 of the Dungeon)

   [ring of protection]

   It affects your AC (+8).
 Z - an amulet of magic regeneration
Wands
 m - a wand of acid (20)
 x - a wand of iceblast (46)
 D - a wand of digging (9)
Scrolls
 n - 8 scrolls of magic mapping
 o - 3 scrolls of fog
 y - 2 scrolls of silence
 G - 14 scrolls of identify
 H - 9 scrolls of teleportation
 K - a scroll of blinking
 M - 3 scrolls of summoning
Potions
 d - 17 potions of curing
 f - 10 potions of might
 h - 4 potions of berserk rage
 k - 8 potions of heal wounds
 p - 3 potions of lignification
 u - 7 potions of brilliance
 v - a potion of invisibility
 w - 3 potions of haste
 N - 6 potions of ambrosia
 Q - 2 potions of magic
 R - 5 potions of attraction
 V - a potion of resistance


   Skills:
 - Level 11.8 Fighting
 - Level 3.0(9.2) Short Blades
 + Level 13.1(13.3) Long Blades
 - Level 13.9 Dodging
 - Level 7.6 Stealth
 - Level 4.0 Shields
 + Level 13.4 Spellcasting
 - Level 9.6 Transmutations
 * Level 15.1 Earth Magic
 - Level 10.0 Poison Magic


You had 11 spell levels left.
You knew the following spells:

 Your Spells              Type           Power      Damage    Failure   Level
a - Sting                 Tmut/Pois      100%       1d8       1%          1
b - Poisonous Vapours     Pois/Air       100%       N/A       1%          2
c - Ignite Poison         Fire/Tmut/Pois 65%        N/A       1%          3
d - Olgreb's Toxic Radia  Pois           78%        N/A       1%          4
e - Mephitic Cloud        Conj/Pois/Air  49%        N/A       1%          3
f - Lee's Rapid Deconstr  Erth           47%        3d24*     1%          5
g - Statue Form           Tmut/Erth      57%        N/A       1%          6
h - Iron Shot             Conj/Erth      34%        9d7       11%         6
z - Stone Arrow           Conj/Erth      100%       3d13      1%          3

Your spell library contained the following spells:

 Spells                   Type           Power      Damage    Failure   Level
 Sandblast                Erth           100%       2d20      0%          1
 Passwall                 Tmut/Erth      71%        N/A       0%          2
 Animate Skeleton         Necr           48%        N/A       1%          1
 Apportation              Tloc           48%        N/A       1%          1
 Corona                   Hex            26%        N/A       1%          1
 Freeze                   Ice            96%        1d11      1%          1
 Magic Dart               Conj           96%        1d7       1%          1
 Pain                     Necr           96%        1d8       1%          1
 Summon Small Mammal      Summ           96%        N/A       1%          1
 Leda's Liquefaction      Hex/Erth       34%        N/A       1%          4
 Petrify                  Tmut/Erth      86%        N/A       1%          4
 Blink                    Tloc           N/A        N/A       2%          2
 Call Imp                 Summ           24%        N/A       2%          2
 Ensorcelled Hibernation  Hex/Ice        48%        N/A       2%          2
 Slow                     Hex            24%        N/A       2%          2
 Static Discharge         Conj/Air       24%        N/A       2%          2
 Call Canine Familiar     Summ           24%        N/A       4%          3
 Confusing Touch          Hex            24%        N/A       4%          3
 Conjure Flame            Conj/Fire      24%        6-21      4%          3
 Dazzling Flash           Conj/Hex       48%        N/A       4%          3
 Frozen Ramparts          Ice            48%        1d6       4%          3
 Gell's Gravitas          Tloc           12%        N/A       4%          3
 Lesser Beckoning         Tloc           12%        N/A       4%          3
 Ozocubu's Armour         Ice            24%        N/A       4%          3
 Summon Guardian Golem    Hex/Summ       24%        N/A       4%          3
 Teleport Other           Tloc           24%        N/A       4%          3
 Tukima's Dance           Hex            24%        N/A       4%          3
 Vampiric Draining        Necr           12%        2d7       4%          3
 Blade Hands              Tmut           38%        N/A       4%          6
 Bolt of Magma            Conj/Fire/Erth 29%        4d13      5%          5
 Irradiate                Conj/Tmut      28%        3d23      6%          5
 Yara's Violent Unravell  Hex/Tmut       28%        3d12      6%          5
 Animate Dead             Necr           12%        N/A       16%         4
 Cause Fear               Hex            12%        N/A       16%         4
 Hailstorm                Conj/Ice       24%        3d7       16%         4
 Summon Ice Beast         Ice/Summ       24%        N/A       16%         4
 Summon Lightning Spire   Summ/Air       24%        N/A       16%         4
 Dragon Form              Tmut           38%        N/A       24%         7
 Agony                    Necr           24%        N/A       38%         5
 Lightning Bolt           Conj/Air       12%        1d25      38%         5
 Manifold Assault         Tloc           24%        N/A       38%         5
 Metabolic Englaciation   Hex/Ice        12%        N/A       38%         5
 Silence                  Hex/Air        12%        N/A       38%         5
 Shatter                  Erth           47%        3d36*     97%         9
 Lehudib's Crystal Spear  Conj/Erth      34%        10d9      99%         8
 Chain Lightning          Conj/Air       12%        N/A       100%        8
 Discord                  Hex            12%        N/A       100%        8
 Ignition                 Fire           12%        3d6       100%        8
 Absolute Zero            Ice            12%        ∞         100%        9
 Fire Storm               Conj/Fire      12%        8d3       100%        9
 Tornado                  Air            12%        N/A       100%        9
 Animate Armour           Summ/Erth      Unusable   N/A       N/A         4

Dungeon Overview and Level Annotations

Branches:
Dungeon (15/15)            Temple (1/1) D:4            Lair (6/6) D:9
 Shoals (3/4) Lair:3       Spider (4/4) Lair:3        Slime (0/5) Lair:5
    Orc (2/2) D:10            Elf (0/3) Orc:2        Vaults (0/5) D:13
 Depths (0/5) D:15          Sewer (visited)          Bailey (visited)

Altars:
Ashenzari
Cheibriados
Dithmenos
Elyvilon
Fedhas
Gozag
Hepliaklqana
Kikubaaqudgha
Makhleb
Nemelex Xobeh
Okawaru
Qazlal
Ru
Sif Muna
Trog
Uskayaw
Vehumet
Wu Jian
Xom
Yredelemnul
Zin
The Shining One
Beogh
Jiyva

Shops:
D:5 (   D:6 *   D:8 :=   D:15 *   Orc:1 [   Orc:2 [(:?

Annotations:
D:5 2 transporters, Galthrax's ghost, novice GnHu
D:13 3 runed translucent doors


Innate Abilities, Weirdness & Mutations

You cannot wear most types of armour.
You are amphibious.
You can wear up to eight rings at the same time.
Your skin changes colour to match your surroundings (Stealth+).
Your rubbery body absorbs attacks. (AC +1, EV +1)
You are camouflaged near water. (Stealth+)
You have tentacles for arms and can constrict up to eight enemies at once.


Message History

The ball explodes into a vile cloud!
The stinking cloud engulfs the frost giant but does no damage.
The frost giant is heavily wounded.
The frost giant is engulfed in noxious fumes.
The frost giant points at you and mumbles some strange words.
The bolt of cold misses you.
Casting: Mephitic Cloud (safe; 1% risk of failure)
Confirm with . or Enter, or press ? or * to list all spells.
You ignite the poison in your surroundings!
You are engulfed in freezing vapours.
The frost giant is engulfed in blazing flames.
The frost giant points at you and mumbles some strange words.
The bolt of cold misses you.
Unknown command.
Casting: Ignite Poison (safe; 1% risk of failure)
Confirm with . or Enter, or press ? or * to list all spells.
Aiming: Sting (safe; 1% risk of failure)
Press: ? - help, Shift-Dir - straight line, f/p - frost giant
Aim: a frost giant, wielding a +1 battleaxe of freezing (flame, water, severely wounded, 98% to hit)
The sting misses the frost giant.
You are engulfed in freezing vapours.
The frost giant is engulfed in blazing flames.
Casting: Sting (safe; 1% risk of failure)
Confirm with . or Enter, or press ? or * to list all spells.
Aiming: Sting (safe; 1% risk of failure)
Press: ? - help, Shift-Dir - straight line, f/p - frost giant
Aim: a frost giant, wielding a +1 battleaxe of freezing (water, severely wounded, 98% to hit)
The sting hits the frost giant but does no damage.
The frost giant is poisoned.
The frost giant is severely wounded.
The frost giant points at you and mumbles some strange words.
The bolt of cold hits you!!!
You feel a terrible chill!
* * * LOW HITPOINT WARNING * * *
Casting: Sting (safe; 1% risk of failure)
Confirm with . or Enter, or press ? or * to list all spells.
You ignite the poison in your surroundings!
The frost giant seems to burn from within!!
The frost giant is almost dead.
You are engulfed in freezing vapours.
You die...
Your body crumbles into a pile of gold.

≈≈≈≈≈≈≈≈≈≈≈≈≈....≈≈..≈≈≈≈≈≈≈≈≈≈≈≈
≈≈≈≈≈≈≈≈≈≈≈≈...≈≈≈≈≈≈≈≈≈≈≈≈≈≈≈≈≈≈
≈≈≈≈≈.≈≈≈≈≈../..≈≈≈≈≈≈≈≈≈≈≈≈≈≈≈≈≈
≈≈≈≈≈≈≈≈≈≈......≈≈≈≈≈≈≈≈≈≈≈≈≈≈≈≈≈
≈≈≈≈≈≈≈≈≈≈...##......≈≈≈≈≈≈≈≈≈≈≈≈
≈≈≈≈≈≈≈≈≈≈...########≈≈≈≈≈≈≈≈≈≈≈≈
≈≈≈≈≈≈≈≈≈≈≈≈###8#8#8###<≈≈≈≈≈≈≈≈≈
≈≈≈≈≈....)≈##≈≈≈≈≈≈≈≈≈##≈≈≈≈≈≈...
≈≈≈≈......##○§C○@○○○≈≈≈##≈≈≈≈≈...
≈≈.≈≈..##.#≈§☼#######≈≈8#≈≈≈)....
≈≈.≈≈.###.##≈≈#[≈≈≈(#≈≈##≈≈)≈≈...
≈≈≈≈≈.<./.#8≈≈#≈≈≈≈≈#≈≈8#≈≈≈≈≈≈..
..≈≈.)..####≈≈#≈≈≈≈≈#≈≈##≈≈≈≈≈≈≈.
..≈≈....# ≈≈≈#≈≈((≈(≈≈(≈≈≈≈≈)≈/≈
≈≈≈≈....####≈C#≈≈(≈≈#≈(##≈≈≈.≈≈≈)
..≈≈..##..#8≈≈#≈≈≈≈≈#≈≈≈#≈≈≈.≈≈..
...≈..##..##≈≈#"≈≈≈[#≈≈##≈≈≈≈....


You could see a frost giant.

Vanquished Creatures
  Bai Suzhen (Spider:2)
  Arachne (Spider:2)
  Jorgrun (Spider:3)
  A kraken (Shoals:3)
  Gastronok (D:11)
  Kirke (Lair:4)
  Ilsuiw (Shoals:2)
  5 ghost moths
  3 emperor scorpions (Spider:4)
  2 frost giants (Shoals:3)
  Louise (Spider:3)
  2 orc warlords
  A stone giant (Shoals:3)
  Azrael (D:14)
  A merfolk javelineer (Shoals:2)
  2 entropy weavers
  2 spark wasps (Spider:4)
  Josephine (D:11)
  A merfolk impaler (Shoals:2)
  A fire dragon (D:15)
  Fannar (D:10)
  An ice dragon (D:15)
  2 ogre magi
  8 hydras
  4 boulder beetles
  A catoblepas (D:14)
  An alligator snapping turtle (Shoals:2)
  A death knight (D:12)
  13 two-headed ogres
  A satyr (Shoals:2)
  A merfolk aquamancer (Shoals:1)
  2 centaur warriors
  An orc high priest (Orc:2)
  7 hell knights (D:15)
  Nergalle (Lair:2)
  Sonja (Lair:2)
  11 sea snakes
  A deep elf archer (D:13)
  2 deep elf zephyrmancers (D:13)
  10 harpies
  9 fauns
  5 orc sorcerers (Orc:2)
  4 orc knights (Bailey)
  35 wolf spiders
  19 orb spiders
  6 deep elf pyromancers
  8 ugly things
  12 cyclopes
  8 manticores
  A moth of wrath (Spider:4)
  6 black mambas
  3 centaur zombies (D:10)
  Maurice (D:11)
  8 merfolk sirens
  9 elephants
  3 water nymphs
  A torpor snail (Spider:4)
  A gargoyle (D:14)
  4 komodo dragons
  An unseen horror (shapeshifter) (D:14)
  35 cane toads
  An unseen horror (D:10)
  A rime drake (Lair:1)
  A rime drake (shapeshifter) (D:14)
  2 efreet (D:15)
  14 demonic crawlers
  4 yaktaurs (D:13)
  30 jumping spiders
  11 merfolk
  6 trolls
  5 hornets
  A wind drake (Shoals:2)
  Grinder (D:4)
  2 polar bears (Lair:1)
  A wind drake (shapeshifter) (D:14)
  17 dream sheep
  22 blink frogs
  5 tyrant leeches (Lair:6)
  A snapping turtle (Shoals:2)
  27 tarantellas
  6 water elementals
  57 redbacks
  3 wraiths (D:11)
  3 wyverns
  A shadow (D:12)
  Eustachio (D:4)
  5 hogs (Lair:4)
  26 yaks
  A basilisk (shapeshifter) (D:15)
  Grum (D:8)
  3 basilisks
  2 steam dragons
  4 fire elementals (D:14)
  10 vampire mosquitoes
  Edmund (D:6)
  4 wargs
  13 water moccasins
  9 hell hounds
  43 orc warriors
  3 black bears
  A sky beast (D:7)
  13 ogres
  A necrophage (D:5)
  24 wolves
  12 centaurs
  4 kobold brigands
  Blork the orc (D:4)
  24 bullfrogs
  A gnoll sergeant (D:8)
  4 scorpions
  A water moccasin zombie (D:5)
  13 wights
  4 electric eels
  8 howler monkeys
  2 lava snakes (Lair:4)
  A bullfrog zombie (D:7)
  33 orc priests
  A hound (D:6)
  2 jellies
  Jessica (D:3)
  2 iguanas
  32 orc wizards
  A scorpion zombie (D:5)
  Robin (D:3)
  5 gnolls
  A howler monkey skeleton (D:6)
  13 adders
  3 river rats (Sewer)
  A shadow imp (D:5)
  A white imp (D:8)
  6 worms
  A dart slug (D:3)
  102 orcs
  11 bats
  15 endoplasms
  9 giant cockroaches
  13 goblins
  16 hobgoblins
  7 jackals
  7 quokkas
  11 ball pythons
  5 frilled lizards
  36 kobolds
  24 rats
1101 creatures vanquished.

Vanquished Creatures (others)
  An orc (Orc:2)
  39 fungi
  84 plants
  14 tentacles (Shoals:3)
138 creatures vanquished.

Grand Total: 1239 creatures vanquished

Notes
Turn   | Place    | Note
-------+----------+-------------------------------------------
     0 | D:1      | night the Octopode Venom Mage began the quest for the Orb.
     0 | D:1      | Reached XP level 1. HP: 11/11 MP: 3/3
   282 | D:1      | Reached XP level 2. HP: 17/17 MP: 1/5
   501 | D:1      | Found a faded altar of an unknown god.
   640 | D:1      | Reached XP level 3. HP: 14/21 MP: 3/6
  1061 | D:1      | Learned a level 3 spell: Mephitic Cloud
  1065 | D:1      | Learned a level 3 spell: Ignite Poison
  2009 | D:2      | Reached XP level 4. HP: 27/27 MP: 8/8
  2574 | D:3      | Reached skill level 5 in Poison Magic
  2574 | D:3      | Reached XP level 5. HP: 17/31 MP: 4/9
  2627 | D:3      | Noticed Jessica
  2632 | D:3      | Killed Jessica
  2829 | D:3      | Noticed Robin
  2897 | D:3      | Killed Robin
  3068 | D:3      | Reached XP level 6. HP: 36/36 MP: 4/11
  3294 | D:3      | Found a sacrificial altar of Ru.
  3481 | D:4      | Found a staircase to the Ecumenical Temple.
  3481 | D:4      | Noticed Grinder
  3491 | D:4      | Killed Grinder
  3492 | D:4      | Reached XP level 7. HP: 19/41 MP: 11/13
  3494 | D:4      | Learned a level 1 spell: Apportation
  3499 | D:4      | Learned a level 4 spell: Olgreb's Toxic Radiance
  3502 | D:4      | Learned a level 2 spell: Poisonous Vapours
  3563 | Temple   | Entered the Ecumenical Temple
  3595 | Temple   | Became a worshipper of Gozag Ym Sagoz the Greedy
  4005 | D:4      | Noticed Eustachio
  4017 | D:4      | Killed Eustachio
  4018 | D:4      | Reached skill level 1 in Shields
  4673 | D:4      | Noticed Blork the orc
  4678 | D:4      | Killed Blork the orc
  4857 | D:5      | Entered Level 5 of the Dungeon
  4857 | D:5      | Noticed a steam dragon
  4865 | D:5      | Killed a steam dragon
  4866 | D:5      | Reached skill level 5 in Dodging
  4866 | D:5      | Reached skill level 2 in Shields
  4866 | D:5      | Reached XP level 8. HP: 32/46 MP: 10/15
  4951 | D:5      | Found Yriorye's Antique Weapon Shoppe.
  4960 | D:5      | Bought a glowing rapier for 189 gold pieces
  5061 | D:5      | Found a transporter.
  5065 | D:5      | Found a transporter.
  5082 | D:5      | Noticed Galthrax's ghost (novice GnHu)
  5345 | D:5      | Reached skill level 5 in Spellcasting
  5498 | D:5      | Found a glowing silver altar of Zin.
  5499 | D:5      | Found a broken altar of Ashenzari.
  5500 | D:5      | Found a snail-covered altar of Cheibriados.
  5502 | D:5      | Found a sparkling altar of Nemelex Xobeh.
  5880 | D:6      | Reached XP level 9. HP: 51/51 MP: 17/17
  5887 | D:6      | Learned a level 3 spell: Stone Arrow
  5929 | D:6      | Found a glowing golden altar of the Shining One.
  6162 | D:6      | Found a glowing drain.
  6182 | Sewer    | Entered a sewer
  6465 | Sewer    | Reached skill level 1 in Earth Magic
  6993 | D:6      | Noticed Edmund
  6998 | D:6      | Killed Edmund
  7231 | D:6      | Found Vokk's Assorted Antiques.
  7653 | D:7      | Reached skill level 2 in Earth Magic
  8418 | D:7      | Reached skill level 5 in Stealth
  8547 | D:8      | Reached skill level 3 in Earth Magic
  8637 | D:8      | Noticed Grum
  8644 | D:8      | Killed Grum
  8645 | D:8      | Reached XP level 10. HP: 56/56 MP: 11/20
  8824 | D:8      | Reached skill level 4 in Earth Magic
  8980 | D:8      | Noticed a cyclops
  8993 | D:8      | Killed a cyclops
  9007 | D:8      | Noticed a deep elf pyromancer
  9014 | D:8      | Noticed a seven-headed hydra
  9175 | D:8      | Learned a level 5 spell: Lee's Rapid Deconstruction
  9207 | D:8      | Killed a deep elf pyromancer
  9323 | D:8      | Killed a seven-headed hydra
  9324 | D:8      | Reached skill level 10 in Poison Magic
  9336 | D:8      | Reached skill level 5 in Earth Magic
  9619 | D:8      | Noticed a cyclops
  9624 | D:8      | Killed a cyclops
  9625 | D:8      | Reached skill level 1 in Fighting
  9625 | D:8      | Reached XP level 11. HP: 44/63 MP: 18/22
  9958 | D:8      | Reached skill level 2 in Fighting
 10347 | D:9      | Found a staircase to the Lair.
 10578 | D:9      | Noticed a two-headed ogre
 10590 | D:9      | Killed a two-headed ogre
 10997 | D:9      | Reached skill level 6 in Earth Magic
 11354 | D:10     | Entered Level 10 of the Dungeon
 11484 | D:10     | Noticed Fannar
 11585 | D:10     | Killed Fannar
 11816 | D:10     | Noticed a two-headed ogre
 11834 | D:10     | Killed a two-headed ogre
 11945 | D:10     | Found a staircase to the Orcish Mines.
 11984 | D:10     | Reached skill level 7 in Earth Magic
 11987 | D:10     | Noticed a two-headed ogre
 11992 | D:10     | Killed a two-headed ogre
 12081 | D:10     | Reached XP level 12. HP: 69/76 MP: 21/25
 12623 | Lair:1   | Entered Level 1 of the Lair of Beasts
 12637 | Lair:1   | Reached skill level 5 in Fighting
 13783 | D:8      | Bought a +4 ring of protection for 432 gold pieces
 13862 | Lair:1   | Reached skill level 10 in Dodging
 13953 | Lair:2   | Noticed Sonja
 13957 | Lair:2   | Killed Sonja
 14068 | Lair:2   | Noticed Nergalle
 14073 | Lair:2   | Killed Nergalle
 14074 | Lair:2   | Reached skill level 8 in Earth Magic
 14159 | Lair:2   | Noticed a four-headed hydra
 14166 | Lair:2   | Killed a four-headed hydra
 14359 | Lair:2   | Noticed a boulder beetle
 14371 | Lair:2   | Killed a boulder beetle
 14939 | Lair:3   | Identified a scroll of acquirement
 14939 | Lair:3   | Acquired 1018 gold pieces
 15137 | Lair:3   | Found a hole to the Spider Nest.
 15166 | Lair:3   | Reached skill level 10 in Spellcasting
 15529 | D:8      | Bought the ring "Zesapn" {rPois rF- rN++ Int+6 Slay+6} for
                  | 1180 gold pieces
 15609 | Lair:3   | Reached skill level 9 in Earth Magic
 15609 | Lair:3   | Reached XP level 13. HP: 86/86 MP: 13/27
 15739 | Lair:3   | Acquired 1143 gold pieces
 15849 | D:8      | Bought the ring of the Tortoise {AC+8} for 1536 gold pieces
 15849 | D:8      | Found the ring of the Tortoise {AC+8}
 16380 | Lair:3   | Found a staircase to the Shoals.
 17004 | Lair:4   | Noticed Kirke
 17014 | Lair:4   | Killed Kirke
 18004 | Lair:5   | Reached skill level 1 in Short Blades
 18213 | Lair:5   | Identified the +1 leather armour of the Guilds {*Corrode
                  | rElec Will++ Int+4}
 18261 | Lair:5   | Found a viscous altar of Jiyva.
 18262 | Lair:5   | Found a staircase to the Slime Pits.
 18731 | Lair:6   | Entered Level 6 of the Lair of Beasts
 18813 | Lair:6   | Reached skill level 10 in Earth Magic
 18815 | Lair:6   | Reached skill level 2 in Short Blades
 19028 | Lair:6   | Reached XP level 14. HP: 79/95 MP: 21/29
 19066 | Lair:6   | Reached skill level 1 in Long Blades
 19167 | Lair:6   | Reached skill level 12 in Dodging
 19202 | Lair:6   | Reached skill level 2 in Long Blades
 20140 | Lair:6   | Learned a level 6 spell: Statue Form
 20980 | D:11     | Reached skill level 2 in Transmutations
 21072 | D:11     | Found a flagged portal.
 21072 | D:11     | Noticed Josephine
 21078 | D:11     | Killed Josephine
 21127 | Bailey   | Entered a bailey
 21132 | Bailey   | Reached skill level 5 in Long Blades
 21482 | D:11     | Noticed Gastronok
 21484 | D:11     | Noticed Maurice
 21489 | D:11     | Killed Maurice
 21503 | D:11     | Killed Gastronok
 21504 | D:11     | Reached XP level 15. HP: 103/103 MP: 16/30
 21683 | D:11     | Reached skill level 5 in Transmutations
 23349 | D:13     | Found a runed translucent gate.
 23349 | D:13     | Found a runed translucent gate.
 23349 | D:13     | Found a runed translucent gate.
 23752 | D:13     | Paralysed by something for 3 turns
 23846 | D:13     | Found a gate to the Vaults.
 24776 | D:14     | Identified the +5 hand axe of Extermination {antimagic,
                  | Will++ SInv}
 25080 | D:14     | Noticed Azrael
 25107 | D:14     | Killed Azrael
 25301 | D:15     | Entered Level 15 of the Dungeon
 25550 | D:15     | Paralysed by something for 2 turns
 25647 | D:15     | Found Ifubryre's Elemental Accessories.
 26004 | D:15     | Found a staircase to the Depths.
 26095 | D:15     | Reached skill level 10 in Long Blades
 26116 | D:15     | Reached XP level 16. HP: 88/108 MP: 9/31
 27221 | D:6      | Bought a scroll of enchant weapon for 180 gold pieces
 27221 | D:6      | Bought 2 murky emerald potions for 43 gold pieces
 27519 | Orc:1    | Entered Level 1 of the Orcish Mines
 27539 | Orc:1    | Reached skill level 11 in Earth Magic
 27737 | Orc:2    | Entered Level 2 of the Orcish Mines
 27814 | Orc:1    | Found Kusmer's Antique Armour Shop.
 27822 | Orc:1    | You are sucked into a shaft and drop 1 floor!
 28023 | Orc:1    | Bought a runed hat for 147 gold pieces
 28231 | Orc:2    | Found a staircase to the Elven Halls.
 28318 | Orc:2    | Found Zushryroa's Magic Scroll Boutique.
 28499 | Orc:2    | Reached skill level 10 in Fighting
 28656 | Orc:2    | Found Ofren's Antique Armour Shop.
 28662 | Orc:2    | Found Fenkiesh's Antique Weapon Boutique.
 28870 | Orc:2    | Found Yroe's Book Shop.
 29274 | Orc:2    | Bought a scroll of acquirement for 676 gold pieces
 29274 | Orc:2    | Acquired the ring "Rounohye" {rF+++ rC- rN+ Str+4 Int+6}
 29334 | Orc:2    | Bought a book of the Earth for 845 gold pieces
 29341 | Orc:2    | Learned a level 6 spell: Iron Shot
 29516 | Spider:1 | Entered Level 1 of the Spider Nest
 29688 | Orc:2    | Bought the +8 arc blade {discharge, rElec} for 1620 gold
                  | pieces
 29688 | Orc:2    | Found the +8 arc blade {discharge, rElec}
 30491 | Spider:1 | Reached skill level 12 in Spellcasting
 31168 | Spider:2 | Reached skill level 12 in Earth Magic
 31816 | Spider:3 | Noticed Bai Suzhen
 31818 | Spider:3 | Noticed Arachne
 31832 | Spider:3 | HP: 7/111 [Bai Suzhen/torrent of water (30)]
 31936 | Spider:2 | Killed Bai Suzhen
 31937 | Spider:2 | Reached XP level 17. HP: 116/116 MP: 27/33
 31949 | Spider:2 | Killed Arachne
 32015 | Spider:3 | Noticed Louise
 32028 | Spider:3 | Killed Louise
 32138 | Spider:3 | Noticed Jorgrun
 32149 | Spider:3 | Killed Jorgrun
 32639 | Spider:3 | Reached skill level 13 in Earth Magic
 32639 | Spider:3 | Reached XP level 18. HP: 122/122 MP: 34/34
 32846 | Spider:4 | Entered Level 4 of the Spider Nest
 32909 | Spider:4 | Reached skill level 12 in Long Blades
 34178 | Spider:4 | Reached skill level 14 in Earth Magic
 34664 | Spider:4 | Got a gossamer rune of Zot
 34854 | Shoals:1 | Entered Level 1 of the Shoals
 35314 | Shoals:1 | Reached XP level 19. HP: 105/130 MP: 25/35
 36125 | Shoals:2 | Noticed Ilsuiw
 36135 | Shoals:2 | Killed Ilsuiw
 37461 | Shoals:3 | Reached skill level 15 in Earth Magic
 37988 | Shoals:3 | HP: 15/131 [frost giant/bolt of cold (36)]
 37989 | Shoals:3 | Engulfed by a frost giant's freezing vapour

Illustrated notes

Levels and vault maps discovered:
D:1:      minmay_arrival_jagged, layout_basic,
          hellmonk_ecumenical_altar_crossroads
D:2:      minmay_chambers_of_twos, layout_basic
D:3:      minmay_bubble_buster, layout_rooms, nicolae_ru_awakened_eye,
          uniq_robin, uniq_jessica
D:4:      layout_loops_corners, minmay_temple_entry_overgrown,
          kennysheep_small_square, uniq_eustachio, uniq_blork_the_orc,
          uniq_grinder
D:5:      layout_rooms, minitemple, gammafunk_ghost_hive, serial_shops,
          shop_fountains, amcnicky_mini_rare_corridor_liquid
D:6:      layout_basic, lemuel_tele_altar, serial_shops, shop,
          portal_sewer_entry_f, uniq_edmund
D:7:      layout_basic
D:8:      minmay_ornate_pinched, layout_loops_ring, uniq_grum
D:9:      layout_long_grid, dpeg_oklobed_lair
D:10:     layout_rooms, david_orc_3, chequers_serial_rivers_large_a, uniq_fannar
D:11:     nicolae_whirlpool, layout_basic, enter_bailey_6, uniq_gastronok,
          uniq_josephine, uniq_maurice
D:12:     layout_basic
D:13:     layout_loops_ring, hangedman_vaults_entry_quadrant_bands,
          ploomutoo_gammafunk_ghost_potion_laboratory
D:14:     layout_roguey, serial_bayou_ford_a, uniq_azrael
D:15:     grunt_enter_depths_hoard, layout_rooms, minmay_misc_feat_encased,
          nicolae_elemental_shop, minmay_rotating_lava
Temple:   regret_index_temple_sphere_string
Lair:1:   layout_gridlike, grunt_megastairs_5
Lair:2:   layout_chaotic_city, uniq_sonja, uniq_nergalle
Lair:3:   layout_regular_city, elwin_shoals_entry_rooms,
          nicolae_spider_entry_non_spiders
Lair:4:   layout_gridlike, uniq_kirke
Lair:5:   layout_cave_pods, slime_altar_1, serial_bayou_crossing,
          lemuel_fruit_fields
Lair:6:   minmay_lair_end_frog_pond, layout_regular_city, lemuel_fruit_tree
Shoals:1: layout_shoals
Shoals:2: layout_shoals, uniq_ilsuiw
Shoals:3: layout_shoals, st_sunken_temple
Spider:1: layout_spider_delve, nicolae_spider_some_kinda_spiderbox
Spider:2: layout_spider_delve, spiders_nest_hornet_nest
Spider:3: layout_spider_delve, nicolae_spider_spiderdrome,
          nicolae_spider_cling_halls, uniq_louise, uniq_bai_suzhen,
          uniq_jorgrun, uniq_arachne
Spider:4: grunt_spider_rune_island, nicolae_spider_nook
Orc:1:    layout_caves, serial_shops, shop
Orc:2:    grunt_orc_community_town_hall, layout_diamond_mine,
          grunt_orc_community_big_house_1, grunt_orc_community_big_house_2,
          grunt_orc_community_house_2, grunt_orc_community_house_3,
          grunt_orc_community_house_3, grunt_orc_community_house_3,
          grunt_orc_community_house_2, grunt_orc_community_house_2, basic_altar,
          david_defended_altar_orc

Skill      XL: |  1  2  3  4  5  6  7  8  9 10 11 12 13 14 15 16 17 18 19 |
---------------+----------------------------------------------------------+-----
Poison Magic   | 4 5 6 8 9 10 | 10.0
Dodging        | 3 4 5 6 7 8 9 10 11 12 13 | 13.9
Spellcasting   | 3 4 5 6 7 9 10 11 12 13 | 13.4
Shields        | 2 4 |  4.0
Stealth        | 5 7 |  7.6
Earth Magic    | 3 5 7 9 10 12 13 14 15 | 15.1
Fighting       | 1 4 7 8 9 10 11 | 11.8
Short Blades   | 3 |  3.0
Long Blades    | 6 10 11 12 13 | 13.1
Transmutations | 4 9 |  9.6

Action                   |  1- 3 |  4- 6 |  7- 9 | 10-12 | 13-15 | 16-18 | 19-21 || total
-------------------------+-------+-------+-------+-------+-------+-------+-------++-------
Melee: Spear             |    36 |    61 |       |       |       |       |       ||    97
       Constrict         |     8 |    38 |    41 |    51 |   103 |   112 |    20 ||   373
       Tentacles         |     3 |    22 |    39 |    64 |   118 |   109 |    26 ||   381
       War axe           |       |    42 |       |       |       |       |       ||    42
       Dagger            |       |    35 |   154 |   103 |   154 |       |       ||   446
       Falchion          |       |       |    17 |    91 |    14 |       |       ||   122
       Scimitar          |       |       |       |    56 |   342 |     6 |       ||   404
       Demon blade       |       |       |       |       |       |   474 |    99 ||   573
       Rapier            |       |       |       |       |       |    49 |       ||    49
 Cast: Sting             |    46 |    22 |       |    42 |    41 |    21 |     5 ||   177
       Ignite Poison     |       |     2 |    19 |    52 |    54 |    34 |    32 ||   193
       Mephitic Cloud    |       |     1 |       |     4 |    11 |     3 |     1 ||    20
       Poisonous Vapours |       |       |    26 |    65 |    42 |    38 |    12 ||   183
       Olgreb's Toxic Ra |       |       |    22 |    28 |    57 |    57 |    25 ||   189
       Lee's Rapid Decon |       |       |       |     7 |     2 |     5 |       ||    14
       Stone Arrow       |       |       |       |    17 |    14 |    12 |       ||    43
       Statue Form       |       |       |       |       |    19 |    26 |     5 ||    50
       Iron Shot         |       |       |       |       |       |     5 |     3 ||     8
Invok: Call Merchant     |       |       |       |     2 |       |       |       ||     2
       Potion Petition   |       |       |       |       |     1 |     3 |       ||     4
Evoke: Wand              |       |       |       |     1 |       |     1 |       ||     2
  Use: Scroll            |     5 |     5 |     6 |     3 |     9 |    10 |     1 ||    39
       Potion            |       |       |       |       |     6 |     1 |       ||     7
 Stab: Sleeping          |     8 |    10 |    13 |     6 |    12 |    14 |     2 ||    65
       Distracted        |       |       |     1 |     3 |     7 |     6 |       ||    17
Armor: Skin              |     8 |    30 |    28 |    45 |   191 |   270 |    27 ||   599
Dodge: Dodged            |    27 |    79 |    89 |   337 |   679 |   700 |   133 ||  2044
Block: Buckler           |       |     1 |    24 |    78 |   131 |   168 |    33 ||   435
       Rpst.: Falchion   |       |       |     2 |    35 |     4 |       |       ||    41
       Scimitar          |       |       |       |    27 |   122 |     1 |       ||   150
       Demon blade       |       |       |       |       |       |   103 |    20 ||   123

Table legend: (Time is in decaauts)
 A = Elapsed time spent in this place.
 B = Non-inter-level travel time spent in this place.
 C = Inter-level travel time spent in this place.
 D = Time resting spent in this place.
 E = Time spent auto-exploring this place.
 F = Levels seen in this place.
 G = Mean time per level.
                   A        B        C        D        E       F      G
               +--------+--------+--------+--------+--------+-----+--------+
         Total |  39310 |  35899 |   3411 |   2958 |  25033 |  33 | 1191.2 |
       Dungeon |  18782 |  17160 |   1622 |   1734 |  11974 |  15 | 1252.1 |
        Temple |    155 |    147 |      8 |      0 |    144 |   1 |  155.0 |
          Lair |   8595 |   7432 |   1163 |    521 |   5307 |   6 | 1432.5 |
        Shoals |   3348 |   3310 |     38 |    127 |   2468 |   3 | 1116.0 |
   Spider Nest |   5377 |   5088 |    289 |    347 |   3529 |   4 | 1344.2 |
  Orcish Mines |   2010 |   1720 |    290 |    128 |   1016 |   2 | 1005.0 |
         Sewer |    726 |    726 |      0 |      0 |    528 |   1 |  726.0 |
        Bailey |    313 |    313 |      0 |     99 |     67 |   1 |  313.0 |
               +--------+--------+--------+--------+--------+-----+--------+

Top non-repeatable levels by time:
Spider:4: 2064 daAuts
     D:8: 1995 daAuts
  Lair:6: 1927 daAuts
     D:1: 1587 daAuts
  Lair:3: 1579 daAuts
    D:15: 1444 daAuts
    D:10: 1396 daAuts
     D:9: 1341 daAuts
  Lair:1: 1338 daAuts
   Orc:2: 1337 daAuts
  Lair:2: 1290 daAuts
    D:12: 1287 daAuts
  Lair:4: 1275 daAuts
     D:6: 1269 daAuts
     D:4: 1265 daAuts
